 Dungeon Crawl Stone Soup version 0.21.1-1-g345015fe64 (webtiles) character file.

406 JarielCorvus the Shield-Bearer (level 6, -1/58 HPs)
             Began as a Deep Dwarf Fighter on July 7, 2018.
             Was an Initiate of Nemelex Xobeh.
             Slain by a gnoll
             ... wielding a +0 halberd
              (14 damage)
             ... on level 3 of the Dungeon.
             The game lasted 00:08:46 (2549 turns).

JarielCorvus the Shield-Bearer (Deep Dwarf Fighter) Turns: 2549, Time: 00:08:46

Health: -1/58      AC:  7    Str: 21    XL:     6   Next: 56%
Magic:  5/5        EV:  9    Int:  9    God:    Nemelex Xobeh [......]
Gold:   121        SH:  0    Dex: 12    Spells: 5/5 levels left

rFire    . . .     SeeInvis .   a - +0 war axe
rCold    . . .     Gourm    .   (no shield)
rNeg     . . .     Faith    .   b - +0 scale mail
rPois    .         Spirit   .   (no helmet)
rElec    .         Reflect  .   (no cloak)
rCorr    .         Harm     .   (no gloves)
MR       .....                  (no boots)
Stlth    ..........             (no amulet)
HPRegen  0.00/turn              (no ring)
MPRegen  0.09/turn              (no ring)

@: non-regenerating
A: damage resistance, heal wounds, sense surroundings 1, no regeneration
a: Heal Wounds, Renounce Religion


You were on level 3 of the Dungeon.
You worshipped Nemelex Xobeh.
Nemelex Xobeh was noncommittal.
You were hungry.

You visited 1 branch of the dungeon, and saw 3 of its levels.

You collected 121 gold pieces.

Inventory:

Hand Weapons
 a - a +0 war axe (weapon)
 i - a +2 falchion of slicing
 k - a +2 shortbow of flaming
Missiles
 l - 37 arrows
Armour
 b - a +0 scale mail (worn)
 c - a +0 shield
Jewellery
 e - an uncursed ring of flight
Wands
 g - a wand of polymorph (10)
Potions
 d - a potion of might
 h - 4 potions of lignification
 n - a potion of cancellation {unknown}
 o - a potion of magic {unknown}
Miscellaneous
 j - a plain deck of escape
 m - a plain deck of destruction {drawn: 3}
Comestibles
 f - 5 rations


   Skills:
 * Level 4.4 Fighting
 + Level 4.0 Axes
 + Level 4.5 Armour
 - Level 0.1 Dodging
 * Level 5.2 Shields


You had 5 spell levels left.
You didn't know any spells.

Dungeon Overview and Level Annotations

Branches:
Dungeon (3/15)

Altars:
Cheibriados
Nemelex Xobeh
Sif Muna


Innate Abilities, Weirdness & Mutations

You are resistant to damage.
You can heal yourself by infusing magical energy.
You passively map a small area around you.
You do not regenerate.


Message History

You slash the gnoll!
You kill the gnoll!
You closely miss the gnoll. The gnoll hits you with a club.
The gnoll hits you but does no damage.
You slash the gnoll!
The gnoll is severely wounded.
The gnoll hits you with a club.
The gnoll hits you from afar with a halberd!
* * * LOW HITPOINT WARNING * * *
You hit the gnoll.
The gnoll is severely wounded.
The gnoll hits you with a club.
* * * LOW HITPOINT WARNING * * *
The gnoll hits you from afar with a halberd.
The gnoll barely misses you.
You slash the gnoll!
You kill the gnoll!
The gnoll hits you from afar with a halberd!
You die...
Your body disappears without a glow.

.......#######...######.#.#
.......# ##### #.#.#
.......# #.#.# * ###.####
#.#.. , #. #.### #.# #. #.#
#.# #.# #.# , ** ##########
#.# #.# .....g)@.# #.# #.#
*########?# #.#######.# #.#
#.........# #.# #####......
#.# #.##### #.#########.#
#........)..# #############


You could see a gnoll.

Vanquished Creatures
  A centaur (D:2)
  A killer bee (D:3)
  3 orc priests (D:3)
  An orc wizard (D:3)
  6 adders
  2 gnolls (D:3)
  An ooze (D:2)
  2 worms (D:2)
  3 dart slugs (D:1)
  A leopard gecko (D:1)
  12 orcs
  5 bats
  3 giant cockroaches
  8 hobgoblins
  4 quokkas
  2 frilled lizards
  7 goblins
  6 kobolds
  7 rats
75 creatures vanquished.

Notes
Turn   | Place    | Note
-------+----------+-------------------------------------------
     0 | D:1      | JarielCorvus the Deep Dwarf Fighter began the quest for the Orb.
     0 | D:1      | Reached XP level 1. HP: 20/20 MP: 1/1
   136 | D:1      | Reached XP level 2. HP: 24/27 MP: 2/2
  1278 | D:2      | Reached XP level 3. HP: 32/34 MP: 2/2
  1369 | D:2      | Found a sparkling altar of Nemelex Xobeh.
  1380 | D:2      | Became a worshipper of Nemelex Xobeh the Trickster
  1494 | D:2      | Received a gift from Nemelex Xobeh
  1594 | D:2      | Found a deep blue altar of Sif Muna.
  1630 | D:2      | Reached XP level 4. HP: 33/42 MP: 3/3
  1645 | D:2      | Noticed a centaur
  1659 | D:2      | Killed a centaur
  1659 | D:2      | Reached skill level 4 in Shields
  1659 | D:2      | Reached XP level 5. HP: 4/49 MP: 4/4
  1708 | D:2      | Found a snail-covered altar of Cheibriados.
  2248 | D:3      | Reached XP level 6. HP: 51/57 MP: 5/5
  2276 | D:3      | Received a gift from Nemelex Xobeh
  2335 | D:3      | Reached skill level 5 in Shields
  2549 | D:3      | Slain by a gnoll

Skill      XL: |  1  2  3  4  5  6 |
---------------+-------------------+-----
Fighting       | 3 4 |  4.4
Axes           | 3 4 |  4.0
Armour         | 4 |  4.5
Shields        | 4 5 |  5.2
Dodging        | |  0.1

Action                   |  1- 3 |  4- 6 || total
-------------------------+-------+-------++-------
Melee: War axe           |   113 |   106 ||   219
 Fire: Shortbow          |       |    14 ||    14
 Abil: Heal Wounds       |     1 |     5 ||     6
Evoke: Deck              |       |     3 ||     3
  Use: Scroll            |     3 |     2 ||     5
  Eat: Chunk             |     2 |     3 ||     5
Armor: Scale mail        |    46 |    53 ||    99
Dodge: Dodged            |    23 |    66 ||    89
Block: Shield            |    62 |     4 ||    66
